 Dungeon Crawl Stone Soup version 0.29-a0-330-g52719c12eb (webtiles) character file.

Game seed: 853311818339659065

388 Anon1729 the Ducker (level 6, -7/50 HPs)
             Began as a Merfolk Monk on May 24, 2022.
             Mangled by an orc warrior
             ... wielding a +0 battleaxe
              (18 damage)
             ... on level 4 of the Dungeon.
             The game lasted 00:03:07 (3535 turns).

Anon1729 the Ducker (Merfolk Monk)                  Turns: 3535, Time: 00:03:07

Health: -7/50      AC:  6    Str: 12    XL:     6   Next: 79%
Magic:  6/6        EV: 13    Int:  9    God:
Gold:   119        SH:  0    Dex: 18    Spells: 5/5 levels left

rFire   . . .      SeeInvis .   a - +0 falchion
rCold   . . .      Faith    .   (no shield)
rNeg    . . .      Spirit   .   h - +0 ring mail
rPois   .          Reflect  .   (no helmet)
rElec   .          Harm     .   r - +0 cloak
rCorr   .          Rampage  .   (no gloves)
Will    .....                   (no boots)
Stlth   ++........              (no amulet)
HPRegen 0.16/turn               (no ring)
MPRegen 0.10/turn               (no ring)

@: no status effects
A: (nimble swimmer 2), mertail
a: no special abilities


You were on level 4 of the Dungeon.
You visited 1 branch of the dungeon, and saw 4 of its levels.

You collected 119 gold pieces.

Inventory:

Hand Weapons
 a - a +0 falchion (weapon)
 o - a +3 whip
 s - a +0 dagger of draining
Missiles
 k - 2 atropa-tipped darts (quivered)
 l - 5 poisoned darts
Armour
 b - a +0 robe
 h - a +0 ring mail (worn)
 r - a +0 cloak (worn)
Jewellery
 f - a ring of ice
 t - a ring of poison resistance
Scrolls
 i - a scroll of silence {unknown}
 j - 2 scrolls of teleportation {unknown}
 n - a scroll of fog {unknown}
 p - 6 scrolls of identify {unknown}
 q - 2 scrolls of magic mapping {unknown}
 u - 3 scrolls of enchant weapon {unknown}
 v - a scroll of blinking {unknown}
 w - a scroll of amnesia {unknown}
Potions
 c - a potion of ambrosia
 d - a potion of lignification {unknown}
 e - 2 potions of magic {unknown}
 g - 2 potions of curing {unknown}
 m - 2 potions of haste {unknown}
 x - a potion of invisibility {unknown}


   Skills:
 + Level 4.9 Fighting
 + Level 5.4 Long Blades
 + Level 6.0 Dodging
 + Level 4.5 Stealth


You had 5 spell levels left.
You didn't know any spells.
Your spell library was empty.

Dungeon Overview and Level Annotations

Branches:
Dungeon (4/15)
 Temple: D:4-7

Altars:


Innate Abilities, Weirdness & Mutations

((You are very nimble when in or above water. (Stealth+, EV+, Speed+++)))
Your lower body shifts to a powerful aquatic tail in water.


Message History

You hit the orc warrior.
The orc warrior is lightly wounded.
The orc warrior closely misses you.
You hit the orc warrior.
The orc warrior is lightly wounded.
The orc warrior closely misses you.
You hit the orc warrior but do no damage.
The orc warrior is lightly wounded.
The orc warrior hits you with a +0 battleaxe!
You are too injured to fight recklessly!
You are too injured to fight recklessly!
You are too injured to fight recklessly!
You are too injured to fight recklessly!
You are too injured to fight recklessly!
You are too injured to fight recklessly!
You are too injured to fight recklessly!
You are too injured to fight recklessly!
You are too injured to fight recklessly!
You aren't carrying any items that you can evoke.
Throw: 5 darts (poison)
Press: ? - help, Q - select action, (/) - cycle Shift-Dir - straight line, f - orc warrior
Aim: an orc warrior, wielding a +0 battleaxe, wearing a +0 chain mail and quivering boomerangs (lightly wounded, 60% to hit)
Okay, then.
Throw: 4 darts (atropa)
Press: ? - help, Q - select action, (/) - cycle Shift-Dir - straight line, f - orc warrior
Aim: an orc warrior, wielding a +0 battleaxe, wearing a +0 chain mail and quivering boomerangs (lightly wounded, 60% to hit, chance to blind on hit: 72%)
You throw an atropa-tipped dart.
The atropa-tipped dart closely misses the orc warrior.
The atropa-tipped dart barely misses the orc.
The orc warrior hits you with a +0 battleaxe!
* * * LOW HITPOINT WARNING * * *
Throw: 3 darts (atropa)
Press: ? - help, Q - select action, (/) - cycle Shift-Dir - straight line, f/p - orc warrior
Aim: an orc warrior, wielding a +0 battleaxe, wearing a +0 chain mail and quivering boomerangs (lightly wounded, 60% to hit, chance to blind on hit: 67%)
You throw an atropa-tipped dart.
The atropa-tipped dart hits the orc warrior.
The orc warrior resists.
The orc warrior is lightly wounded.
The orc warrior hits you with a +0 battleaxe!!
You die...

#...# #.....#
##.## #.....#
#.# #.....#
#.##########
#.......#
#.#####.#
#.#####.#
#....##.###o###
#.##....@o{o.(#
#.......###o....
######### ... .


You could see an orc warrior, an orc priest and 2 orcs.

Vanquished Creatures
  Sigmund (D:2)
  A jelly (D:4)
  Terence (D:2)
  An orc wizard (D:3)
  Natasha (thrice) (D:3)
  An adder (D:2)
  A worm (D:2)
  2 dart slugs (D:3)
  4 orcs (D:3)
  6 bats
  5 endoplasms
  A giant cockroach (D:2)
  4 goblins
  4 hobgoblins
  4 jackals (D:1)
  2 quokkas
  3 ball pythons
  2 frilled lizards
  3 kobolds
  5 rats
54 creatures vanquished.

Notes
Turn   | Place    | Note
-------+----------+-------------------------------------------
     0 | D:1      | Anon1729 the Merfolk Monk began the quest for the Orb.
     0 | D:1      | Reached XP level 1. HP: 18/18 MP: 1/1
   157 | D:1      | Reached XP level 2. HP: 16/24 MP: 2/2
   752 | D:1      | Found a faded altar of an unknown god.
   981 | D:2      | Reached XP level 3. HP: 22/29 MP: 3/3
  1294 | D:2      | Noticed Terence
  1312 | D:2      | Killed Terence
  1313 | D:2      | Reached XP level 4. HP: 30/37 MP: 4/4
  1567 | D:2      | Noticed Sigmund
  1585 | D:2      | Killed Sigmund
  1586 | D:2      | Reached skill level 5 in Long Blades
  1586 | D:2      | Reached skill level 5 in Dodging
  1586 | D:2      | Reached XP level 5. HP: 25/43 MP: 5/5
  1586 | D:2      | Reached XP level 6. HP: 29/49 MP: 6/6
  2567 | D:3      | Noticed Natasha
  2576 | D:3      | Killed Natasha
  2948 | D:3      | Noticed Natasha
  2958 | D:3      | Killed Natasha
  3255 | D:3      | Noticed Natasha
  3263 | D:3      | Killed Natasha
  3484 | D:4      | Reached skill level 6 in Dodging
  3523 | D:4      | Noticed an orc warrior
  3535 | D:4      | Mangled by an orc warrior

Illustrated notes

Levels and vault maps discovered:
D:1:      onia_arrival_pyramid, layout_loops_cross, serial_glass,
          glass_columns_b, glass_columns_c,
          shapermc_ecumenical_altar_mp_highgroup
D:2:      layout_basic, nrook_loot_triangle, grunt_decor_mini_mirrors,
          minmay_hedge_maze, uniq_terence, uniq_sigmund
D:3:      layout_loops_ring, uniq_natasha
D:4:      layout_loops_cross, minmay_temple_entry_fiery, serial_glass,
          glass_columns_a, glass_columns_a

Skill      XL: |  1  2  3  4  5  6 |
---------------+-------------------+-----
Long Blades    | 4 5 |  5.4
Stealth        | 3 4 |  4.5
Fighting       | 4 |  4.9
Dodging        | 5 6 |  6.0

Action                   |  1- 3 |  4- 6 || total
-------------------------+-------+-------++-------
Melee: Falchion          |    77 |    95 ||   172
       Punch             |       |     1 ||     1
Throw: Dart              |     1 |    13 ||    14
 Stab: Sleeping          |     4 |     6 ||    10
       Invisible         |       |     2 ||     2
       Distracted        |       |     4 ||     4
Armor: Robe              |    12 |       ||    12
       Ring mail         |     7 |    23 ||    30
Dodge: Dodged            |    78 |    45 ||   123

Table legend: (Time is in decaauts)
 A = Elapsed time spent in this place.
 B = Non-inter-level travel time spent in this place.
 C = Inter-level travel time spent in this place.
 D = Time resting spent in this place.
 E = Time spent auto-exploring this place.
 F = Levels seen in this place.
 G = Mean time per level.
                   A        B        C        D        E       F      G
               +--------+--------+--------+--------+--------+-----+--------+
         Total |   3549 |   3419 |    130 |    193 |   2724 |   4 |  887.2 |
       Dungeon |   3549 |   3419 |    130 |    193 |   2724 |   4 |  887.2 |
               +--------+--------+--------+--------+--------+-----+--------+

Top non-repeatable levels by time:
     D:2: 1391 daAuts
     D:3: 1110 daAuts
     D:1: 948 daAuts
     D:4: 98 daAuts
